 Dungeon Crawl Stone Soup version 0.30.0-5-g1a98f26d00 (webtiles) character file.

Game seed: 5669742640075238429

194285 browni3141 the Peltast (level 18, 0/140 HPs)
             Began as a Formicid Ice Elementalist on May 12, 2023.
             Was the Champion of Zin.
             Killed from afar by Bai Suzhen (5 damage)
             ... with a torrent of water
             ... on level 3 of the Swamp.
             The game lasted 01:54:48 (40667 turns).

browni3141 the Peltast (Formicid Ice Elementalist) Turns: 40667, Time: 01:54:48

Health: 0/140      AC: 23    Str: 15    XL:     18   Next: 99%
Magic:  35/36      EV: 13    Int: 28    God:    Zin [******]
Gold:   686        SH: 22    Dex: 19    Spells: 8/29 levels left

rFire   + . .        b - +12 Maxwell's thermic engine {flame, freeze, rev}
rCold   + + +        l - +2 tower shield {AC+3}
rNeg    . . .        g - +1 troll leather armour of the Five Spirits {-Tele rC+ Regen+ Int+5}
rPois   +            (helmet unavailable)
rElec   .            n - +1 cloak {rCorr}
rCorr   +            z - +0 pair of gloves
SInv    +            k - +0 pair of boots {Stlth+}
Will    .....        y - amulet of Kaug {Faith rC++ Will- Regen+ Str+2}
Stlth   ++++         W - ring "Pahumath" {Fly rF+ MP+9 Dex+5}
HPRegen 2.03/turn    q - ring "Luneto Ter" {Wiz rPois}
MPRegen 0.25/turn

%: faith, wizardry (x1)
@: ice-armoured, flying
A: permanent stasis, dig shafts and tunnels, antennae 3, four strong arms
}: 1/15 runes: serpentine
a: Dig, Shaft Self, Renounce Religion, Recite, Vitalisation, Imprison,
Sanctuary, Donate Gold


You were on level 3 of the Swamp.
You worshipped Zin.
Zin was exalted by your worship.
You visited 6 branches of the dungeon, and saw 30 of its levels.
You also visited: Trove, Ice Cave and Volcano.

You collected 3327 gold pieces.
You spent 1969 gold pieces at shops.
You donated 672 gold pieces to Zin.

Inventory:

Hand Weapons
 a - a +7 longbow of flaming
 b - the +12 Maxwell's thermic engine (weapon) {flame, freeze, rev}
   (You found it on level 4 of the Snake Pit)
Missiles
 f - a boomerang of dispersal
 J - 7 curare-tipped darts (quivered)
 Z - 3 throwing nets
Armour
 g - the +1 troll leather armour of the Five Spirits (worn) {-Tele rC+ Regen+ Int+5}
   (You bought it in a shop on level 1 of the Snake Pit)

   Int:       It affects your intelligence (+5).
   rC:        It protects you from cold.
   -Tele:     It prevents most forms of teleportation.
   Regen:     It increases your rate of health regeneration.
 k - a +0 pair of boots of stealth (worn)
 l - a +2 tower shield of protection (worn)
 n - a +1 cloak of preservation (worn)
 z - a +0 pair of gloves (worn)
Jewellery
 e - a ring of protection from fire
 j - an amulet of magic regeneration
 o - the ring "Awneohi" {rPois MP+9}
   (You found it in a treasure trove)

   [ring of magical power]

   rPois:     It protects you from poison.
   MP:        It affects your magic capacity (+9).
 q - the ring "Luneto Ter" (right hand) {Wiz rPois}
   (You found it in a treasure trove)

   [ring of wizardry]

   It improves your spell success rate.
   rPois:     It protects you from poison.
 y - the amulet of Kaug (around neck) {Faith rC++ Will- Regen+ Str+2}
   (You found it in a treasure trove)

   [amulet of faith]

   It allows you to gain divine favour quickly.
   Str:       It affects your strength (+2).
   rC:        It greatly protects you from cold.
   Regen:     It increases your rate of health regeneration.
   Will:      It decreases your willpower.
 P - the ring "Ydoydiem" {rC+ MP+9}
   (You found it in a treasure trove)

   [ring of magical power]

   rC:        It protects you from cold.
   MP:        It affects your magic capacity (+9).
 S - a ring of willpower
 T - the ring of Pride {rElec rC+ Dex+6}
   (You found it in a treasure trove)

   [ring of dexterity]

   Dex:       It affects your dexterity (+6).
   rC:        It protects you from cold.
   rElec:     It insulates you from electricity.
 W - the ring "Pahumath" (left hand) {Fly rF+ MP+9 Dex+5}
   (You found it in a treasure trove)

   [ring of flight]

   Dex:       It affects your dexterity (+5).
   rF:        It protects you from fire.
   MP:        It affects your magic capacity (+9).
   Fly:       It grants you flight.
 Y - a ring of positive energy
Wands
 A - a wand of acid (27)
 I - a wand of iceblast (40)
 N - a wand of digging (11)
 R - a wand of charming (36)
 V - a wand of flame (16)
Scrolls
 d - 5 scrolls of vulnerability
 s - 4 scrolls of blinking
 u - a scroll of torment
 v - 12 scrolls of poison
 x - 6 scrolls of magic mapping
 B - 4 scrolls of fear
 D - 4 scrolls of immolation
 F - 8 scrolls of fog
 U - 2 scrolls of brand weapon
 X - 6 scrolls of amnesia
Potions
 c - 5 potions of cancellation
 h - 6 potions of haste
 i - 3 potions of invisibility
 m - 4 potions of magic
 p - 3 potions of brilliance
 t - 3 potions of ambrosia
 w - 5 potions of berserk rage
 C - 13 potions of curing
 E - 2 potions of flight
 G - 3 potions of resistance
 H - 5 potions of heal wounds
 L - 6 potions of lignification
 M - 11 potions of might
 O - 5 potions of mutation
 Q - 8 potions of attraction
Miscellaneous
 r - a lightning rod (4/4)
 K - a condenser vane (inert)


   Skills:
 - Level 12.0 Fighting
 * Level 14.2 Long Blades
 * Level 11.8 Ranged Weapons
 - Level 10.0 Armour
 - Level 6.0 Dodging
 - Level 6.0 Stealth
 * Level 15.2 Shields
 - Level 6.0 Spellcasting
 - Level 5.0 Conjurations
 - Level 6.0 Hexes
 - Level 5.0 Summonings
 - Level 12.0 Ice Magic
 - Level 4.0 Air Magic
 - Level 12.0 Invocations
 - Level 5.0 Evocations


You had 8 spell levels left.
You knew the following spells:

 Your Spells              Type           Power      Damage    Failure   Level
a - Metabolic Englaciati  Hex/Ice        28%        N/A       7%          5
b - Summon Ice Beast      Ice/Summ       54%        N/A       3%          4
c - Freezing Cloud        Conj/Ice/Air   23%        6-21      16%         5
o - Ozocubu's Armour      Ice            66%        N/A       1%          3
r - Frozen Ramparts       Ice            100%       1d16      1%          3
z - Freeze                Ice            100%       1d10      1%          1

Your spell library contained the following spells:

 Spells                   Type           Power      Damage    Failure   Level
 Summon Small Mammal      Summ           100%       N/A       1%          1
 Static Discharge         Conj/Air       66%        2-5/arc   2%          2
 Dazzling Flash           Conj/Hex       78%        N/A       3%          3
 Summon Guardian Golem    Hex/Summ       39%        N/A       3%          3
 Call Canine Familiar     Summ           36%        N/A       4%          3
 Poisonous Vapours        Pois/Air       38%        N/A       7%          2
 Cigotuvi's Dreadful Rot  Necr/Pois/Air  30%        N/A       9%          2
 Mephitic Cloud           Conj/Pois/Air  25%        N/A       9%          3
 Ice Form                 Ice/Tmut       42%        N/A       9%          4
 Apportation              Tloc           16%        N/A       11%         1
 Necrotise                Necr           32%        1d5       11%         1
 Sandblast                Erth           16%        2d6       11%         1
 Stone Arrow              Conj/Erth      44%        3d9       11%         3
 Fulminant Prism          Conj/Hex       19%        3d11      11%         4
 Passwall                 Tmut/Erth      6%         N/A       16%         2
 Scorch                   Fire           16%        2d5       16%         2
 Summon Lightning Spire   Summ/Air       33%        N/A       16%         4
 Airstrike                Air            15%        2d(3-19)  19%         4
 Gell's Gravitas          Tloc           8%         N/A       28%         3
 Ignite Poison            Fire/Tmut/Pois 8%         N/A       28%         3
 Teleport Other           Tloc           8%         N/A       28%         3
 Volatile Blastmotes      Fire/Tloc      16%        2d11      28%         3
 Leda's Liquefaction      Hex/Erth       12%        N/A       28%         4
 Summon Mana Viper        Hex/Summ       39%        N/A       28%         5
 Flame Wave               Conj/Fire      22%        2d8       32%         4
 Iskenderun's Mystic Bla  Conj/Tloc      22%        2d6       32%         4
 Silence                  Hex/Air        18%        N/A       32%         5
 Olgreb's Toxic Radiance  Pois           8%         N/A       65%         4
 Simulacrum               Ice/Necr       21%        N/A       75%         6
 Summon Cactus Giant      Summ           18%        N/A       86%         6
 Agony                    Necr           8%         N/A       93%         5
 Lee's Rapid Deconstruct  Erth           4%         3d5*      93%         5
 Dispersal                Tloc           4%         N/A       100%        6
 Statue Form              Tmut/Erth      5%         N/A       100%        6
 Monstrous Menagerie      Summ           18%        N/A       100%        7
 Discord                  Hex            21%        N/A       100%        8
 Ignition                 Fire           4%         3d4       100%        8


Dungeon Overview and Level Annotations

Branches:
Dungeon (15/15)            Temple (1/1) D:7            Lair (5/5) D:8
  Swamp (3/4) Lair:2        Snake (4/4) Lair:2        Slime (0/5) Lair:5
    Orc (2/2) D:9             Elf (0/3) Orc:2        Vaults (0/5) D:14
 Depths (0/4) D:15          IceCv (visited)         Volcano (visited)

Altars:
Ashenzari
Cheibriados
Dithmenos
Elyvilon
Fedhas
Gozag
Hepliaklqana
Kikubaaqudgha
Makhleb
Nemelex Xobeh
Okawaru
Qazlal
Ru
Sif Muna
Trog
Uskayaw
Vehumet
Wu Jian
Xom
Yredelemnul
Zin
The Shining One
Jiyva

Shops:
D:7 *   D:14 =   Orc:2 ??:[   Snake:1 [   Snake:2 (

Portals:
Pandemonium: Orc:2

Annotations:
D:7 exclusion: oklob plant
D:13 1 runed translucent door, exclusion: door
Swamp:3 Bai Suzhen


Innate Abilities, Weirdness & Mutations

You cannot be hasted, slowed, berserked, paralysed or teleported.
You can dig through walls and to a lower floor.
You have a pair of large antennae on your head. (SInv)
Your four strong arms can wield two-handed weapons with a shield.


Message History

Bai Suzhen is moderately wounded.
Bai Suzhen splashes around in the water.
You block Bai Suzhen's attack.
You hit Bai Suzhen but do no damage.
Bai Suzhen is moderately wounded.
Bai Suzhen closely misses you. You block Bai Suzhen's attack.
You hit Bai Suzhen but do no damage.
Bai Suzhen is moderately wounded.
Bai Suzhen roars!
An eight-headed hydra appears.
You slice Bai Suzhen!! You burn Bai Suzhen. You freeze Bai Suzhen.
Bai Suzhen is heavily wounded.
You block Bai Suzhen's attack.
Bai Suzhen splashes around in the water.
You slash Bai Suzhen!
You hear a splash.
Bai Suzhen roars in fury and transforms into a fierce dragon!
You burn Bai Suzhen. You freeze Bai Suzhen.
Bai Suzhen is heavily wounded.
The eight-headed hydra is engulfed in freezing vapours.
The eight-headed hydra seems to slow down.
You slash Bai Suzhen! You burn Bai Suzhen. You freeze Bai Suzhen.
Bai Suzhen is heavily wounded.
You are engulfed in a thunderstorm.
You block Bai Suzhen's attack. Bai Suzhen barely misses you.
You block Bai Suzhen's attack.
The eight-headed hydra is engulfed in freezing vapours.
The eight-headed hydra seems to slow down.
You slash Bai Suzhen! You burn Bai Suzhen. You freeze Bai Suzhen.
Bai Suzhen is severely wounded.
You are engulfed in a thunderstorm.
Bai Suzhen breathes water at you. You block the torrent of water.
The wave splashes down.
The eight-headed hydra is engulfed in a thunderstorm.
The eight-headed hydra bites you!
You block the eight-headed hydra's attack. x2
The eight-headed hydra bites you but does no damage. x2
The eight-headed hydra bites you.
The eight-headed hydra bites you but does no damage.
The eight-headed hydra barely misses you.
You hear a roar!
You hear a shout!
You hit Bai Suzhen but do no damage.
Bai Suzhen is severely wounded.
You are engulfed in a thunderstorm.
* * * LOW HITPOINT WARNING * * *
You block Bai Suzhen's attack. Bai Suzhen claws you.
* * * LOW HITPOINT WARNING * * *
You block Bai Suzhen's attack.
You barely miss the eight-headed hydra.
The eight-headed hydra is almost dead.
Bai Suzhen's form shimmers in the rain.
Bai Suzhen completely misses you. You block Bai Suzhen's attack.
Bai Suzhen tramples you but does no damage.
The eight-headed hydra bites you.
* * * LOW HITPOINT WARNING * * *
You block the eight-headed hydra's attack.
The eight-headed hydra bites you but does no damage. x2
The eight-headed hydra bites you.
* * * LOW HITPOINT WARNING * * *
You block the eight-headed hydra's attack.
The eight-headed hydra completely misses you.
The eight-headed hydra bites you.
* * * LOW HITPOINT WARNING * * *
A goliath frog comes into view.
You slice one of the eight-headed hydra's heads off!
The flame cauterises the wound!
You slice the seven-headed hydra!! You burn the seven-headed hydra.
You kill the seven-headed hydra!
The seven-headed hydra's corpse disappears in a puff of smoke!
You block Bai Suzhen's attack.
Bai Suzhen claws you but does no damage.
Bai Suzhen tramples you but does no damage.
You slice Bai Suzhen!! You burn Bai Suzhen! You freeze Bai Suzhen.
Bai Suzhen is almost dead.
Bai Suzhen breathes water at you. You block the torrent of water.
The wave splashes down.
You hit Bai Suzhen but do no damage.
Bai Suzhen is almost dead.
Bai Suzhen bites you!
* * * LOW HITPOINT WARNING * * *
Bai Suzhen claws you.
* * * LOW HITPOINT WARNING * * *
Bai Suzhen tramples you.
* * * LOW HITPOINT WARNING * * *
You hold your ground!
You hit Bai Suzhen but do no damage.
Bai Suzhen is almost dead.
Bai Suzhen barely misses you. You block Bai Suzhen's attack. x2
You slash Bai Suzhen! You burn Bai Suzhen.
Bai Suzhen is almost dead.
The goliath frog hits you but does no damage.
Bai Suzhen bites you!!
* * * LOW HITPOINT WARNING * * *
You block Bai Suzhen's attack.
Bai Suzhen tramples you but does no damage.
You block the goliath frog's attack.
You feel much better.
You are engulfed in a thunderstorm.
* * * LOW HITPOINT WARNING * * *
Bai Suzhen breathes water at you. The torrent of water hits you.
You die...

.~~....♣♣
♣~~ .~~..
♣.~..~..
♣♣..~.~~
♣..♣~~♣
.F~~♣ ~
♣~~~♣~~.~
♣@§§.~~<~
♣♣D~§~~.~
.~..~.§
♣..~♣.♣
^~§§.~
♣~.>.~
..~~♣
♣°.~~


You could see Bai Suzhen (clouds, catching breath) and a goliath frog.

Vanquished Creatures
  Vashnia (Snake:2)
  Nikola (Snake:4)
  The ghost of Smee the Bludgeoner, an adept MiFi of Okawaru (Snake:4)
  Jorgrun (D:13)
  Rupert (Lair:4)
  Mlioglotl (Snake:4)
  2 fenstrider witches (Swamp:1)
  3 nagarajas
  Aizul (Snake:1)
  Nessos (Lair:5)
  2 eleionomae
  3 dire elephants
  Josephine (Lair:4)
  A fire dragon (D:15)
  8 hydras
  A ghost crab (Swamp:1)
  2 ogre magi
  4 vault guards (D:14)
  A demonspawn (Orc:2)
  5 boulder beetles
  A salamander tyrant (Snake:4)
  4 alligators
  8 anacondas
  Erica (D:8)
  2 centaur warriors
  7 death yaks
  4 tengu warriors
  7 two-headed ogres
  7 naga warriors
  12 shock serpents
  15 naga sharpshooters
  5 orc high priests (Orc:2)
  The ghost of Seidenschwarz the Eclecticist, a journeyman DECj of Vehumet (D:10)
  2 deep elf knights (D:14)
  Amaemon (D:10)
  The ghost of Demosthentine the Trooper, a novice DsGl of Hepliaklqana (D:8)
  Nergalle (D:11)
  5 salamander mystics (Snake:4)
  A skyshark (Lair:5)
  4 swamp dragons
  3 bog bodies
  5 orc knights
  4 goliath frogs
  6 naga ritualists
  4 wizards
  5 lindwurms (Snake:4)
  2 deep elf pyromancers
  A necromancer (IceCv)
  5 mana vipers
  2 cyclopes (D:14)
  6 manticores
  A wolf spider (D:15)
  6 orc sorcerers
  2 toenail golems (Volcano)
  6 ugly things
  Maurice (D:13)
  8 salamanders
  11 elephants
  8 guardian serpents
  2 ice statues (IceCv)
  2 will-o-the-wisps (Swamp:2)
  31 black mambas
  10 naga magi
  A torpor snail (Lair:4)
  12 cane toads
  3 nameless horrors
  An unseen horror (D:11)
  A gargoyle (D:10)
  8 orange demons
  A rime drake (Lair:5)
  An efreet (D:12)
  3 kobold demonologists
  8 komodo dragons
  8 ice devils
  4 red devils
  A tengu conjurer (D:15)
  A yaktaur (D:14)
  5 polar bears
  A tyrant leech (Swamp:1)
  7 trolls
  3 meliai (D:15)
  A blink frog (shapeshifter) (D:15)
  A wind drake (Lair:5)
  9 hornets
  3 blink frogs
  2 snapping turtles (Lair:5)
  10 slime creatures
  2 vampires
  7 wyverns
  A ynoxinul (Orc:2)
  5 wraiths (Lair:4)
  A spriggan (Swamp:2)
  28 yaks
  2 shadows
  A basilisk (Lair:1)
  2 steam dragons
  The ghost of howech the Chopper, an amateur HuGl (D:3)
  2 death yak simulacra (IceCv)
  9 vampire mosquitoes
  2 acid dragons
  6 swamp worms (Swamp:1)
  22 nagas
  2 wargs
  16 water moccasins
  2 floating eyes (D:10)
  29 orc warriors
  A swamp drake (Swamp:1)
  The ghost of HobsGoblin the Grasshopper, an amateur OgWn of Dithmenos (D:3)
  A sky beast (D:6)
  A black bear (D:7)
  An ice beast (D:8)
  4 boggarts (Lair:5)
  4 wolves
  5 ogres
  6 centaurs
  A phantom (D:5)
  12 kobold brigands
  The ghost of Cressida the Sneak, an amateur TeEn (D:3)
  Blork the orc (D:5)
  13 bullfrogs
  A gnoll sergeant (D:5)
  2 scorpions
  A two-headed ogre simulacrum (IceCv)
  6 wights
  6 killer bees
  4 electric eels
  5 hounds
  6 jellies
  3 gnoll boudas
  31 orc priests
  2 sleepcaps
  3 iguanas
  16 orc wizards
  A spriggan simulacrum (IceCv)
  22 gnolls
  4 adders
  2 white imps
  2 ufetubi
  3 worms (D:2)
  4 dart slugs
  88 orcs
  9 bats
  5 endoplasms
  A giant cockroach (D:4)
  6 goblins
  13 hobgoblins
  6 jackals
  2 quokkas (D:4)
  14 ball pythons
  3 frilled lizards
  29 kobolds
  9 rats
  A butterfly (Lair:4)
858 creatures vanquished.

Vanquished Creatures (collateral kills)
  Louise (Snake:1)
  3 hydras
  A demonspawn (Orc:2)
  A merfolk avatar (Lair:5)
  An ogre mage (D:10)
  A death yak (Lair:2)
  A boulder beetle (Lair:5)
  An orc sorcerer (Orc:2)
  2 elephants (Lair:4)
  A guardian serpent (Snake:4)
  A torpor snail (Lair:3)
  A black mamba (Snake:1)
  A cane toad (Lair:2)
  2 komodo dragons
  An ice devil (IceCv)
  A spriggan (Swamp:2)
  5 slime creatures
  A basilisk (Lair:1)
  A yak (D:9)
  An acid dragon (D:10)
  2 nagas
  2 water moccasins
  3 orc warriors (Orc:2)
  A black bear (Lair:5)
  2 ice beasts (D:6)
  A wolf (Lair:2)
  2 wights
  5 orc priests
  7 orcs
  A butterfly (Lair:4)
54 creatures vanquished.

Vanquished Creatures (others)
  An orc knight (Orc:2)
  A naga (Snake:1)
  An orc warrior (Orc:2)
  An orc priest (Orc:2)
  An orc (D:7)
  10 foxfires (Swamp:2)
15 creatures vanquished.

Grand Total: 927 creatures vanquished

Notes
Turn   | Place    | Note
-------+----------+-------------------------------------------
     0 | D:1      | browni3141 the Formicid Ice Elementalist began the quest
                  | for the Orb.
     0 | D:1      | Reached XP level 1. HP: 13/13 MP: 3/3
   121 | D:1      | Reached XP level 2. HP: 9/19 MP: 0/5
   664 | D:1      | Reached XP level 3. HP: 24/25 MP: 0/6
   674 | D:1      | Reached skill level 3 in Stealth
  1165 | D:2      | Reached XP level 4. HP: 32/32 MP: 3/8
  1169 | D:2      | Learned a level 3 spell: Frozen Ramparts
  1173 | D:2      | Learned a level 3 spell: Ozocubu's Armour
  1852 | D:2      | Reached skill level 3 in Spellcasting
  1852 | D:2      | Reached XP level 5. HP: 25/38 MP: 4/9
  2109 | D:3      | Found a runed translucent gate.
  2574 | D:3      | Found a runed translucent gate.
  2575 | D:3      | Found a runed translucent gate.
  2577 | D:3      | Noticed howech's ghost (amateur HuGl)
  2578 | D:3      | Noticed HobsGoblin's ghost (amateur OgWn)
  2578 | D:3      | Noticed Cressida's ghost (amateur TeEn)
  2626 | D:3      | Found a faded altar of an unknown god.
  3047 | D:4      | Found an ornate altar of the Wu Jian Council.
  3291 | D:4      | Reached skill level 6 in Ice Magic
  3291 | D:4      | Reached XP level 6. HP: 44/44 MP: 5/10
  3296 | D:4      | Learned a level 4 spell: Summon Ice Beast
  3852 | D:5      | Entered Level 5 of the Dungeon
  3895 | D:5      | Reached XP level 7. HP: 20/50 MP: 1/11
  4608 | D:5      | Reached skill level 3 in Summonings
  4796 | D:5      | Reached XP level 8. HP: 26/56 MP: 1/12
  4898 | D:5      | Reached skill level 3 in Fighting
  5543 | D:5      | Noticed Blork the orc
  5557 | D:5      | Killed Blork the orc
  5571 | D:5      | Found a shimmering blue altar of Sif Muna.
  6057 | D:6      | Reached XP level 9. HP: 48/65 MP: 8/15
  6220 | D:6      | Reached skill level 3 in Dodging
  6475 | D:6      | Reached skill level 6 in Stealth
  6804 | D:7      | Noticed a kobold demonologist
  6812 | D:7      | Killed a kobold demonologist
  6813 | D:7      | Reached skill level 6 in Spellcasting
  6813 | D:7      | Reached skill level 9 in Ice Magic
  6935 | D:7      | Found an ancient bone altar of Kikubaaqudgha.
  7129 | D:7      | Found a staircase to the Ecumenical Temple.
  7305 | Temple   | Entered the Ecumenical Temple
  7541 | Temple   | Became a worshipper of Zin the Law-Giver
  7541 | Temple   | Reached * piety under Zin
  7662 | D:7      | Reached ** piety under Zin
  7818 | D:7      | Found Libeor's Assorted Antiques.
  7823 | D:7      | Bought a scroll labelled ATY IRHY ZIAJA for 19 gold pieces
  7823 | D:7      | Bought a pair of glowing boots for 142 gold pieces
  7892 | D:7      | Found a blossoming altar of Fedhas.
  7917 | D:7      | Noticed an oklob plant
  8075 | D:7      | Reached skill level 3 in Invocations
  8075 | D:7      | Reached XP level 10. HP: 54/71 MP: 11/19
  8806 | D:8      | Found a transporter.
  8809 | D:8      | Noticed a komodo dragon
  8819 | D:8      | Reached skill level 6 in Invocations
  8837 | D:8      | Noticed Demosthentine's ghost (novice DsGl)
  9000 | D:8      | Found a transporter.
  9004 | D:8      | Found a staircase to the Lair.
  9039 | D:8      | Noticed Erica
  9246 | D:8      | Killed Erica
  9349 | D:8      | Reached *** piety under Zin
 10095 | D:8      | Reached skill level 3 in Long Blades
 10440 | D:9      | Noticed a two-headed ogre
 10450 | D:9      | Killed a two-headed ogre
 10451 | D:9      | Reached XP level 11. HP: 63/77 MP: 6/20
 10469 | D:9      | Reached skill level 6 in Long Blades
 10606 | D:9      | Found a staircase to the Orcish Mines.
 10699 | D:9      | Found a shadowy altar of Dithmenos.
 11256 | D:10     | Entered Level 10 of the Dungeon
 11469 | D:10     | Found a sparkling altar of Nemelex Xobeh.
 11470 | D:10     | Found a stormy altar of Qazlal.
 11724 | D:10     | Found a runed translucent gate.
 11724 | D:10     | Found a runed translucent gate.
 11724 | D:10     | Found a runed translucent gate.
 11726 | D:10     | Noticed Seidenschwarz's ghost (journeyman DECj)
 11843 | D:10     | Found a sacrificial altar of Ru.
 11992 | Lair:1   | Entered Level 1 of the Lair of Beasts
 12094 | Lair:1   | Reached skill level 9 in Long Blades
 13983 | Lair:2   | Reached XP level 12. HP: 73/87 MP: 17/21
 14010 | Lair:2   | Found a staircase to the Snake Pit.
 14031 | Lair:2   | You fall into a shaft and drop 2 floors!
 14210 | Lair:2   | Found a frozen archway.
 14223 | Lair:2   | Reached skill level 6 in Fighting
 14298 | IceCv    | Entered an ice cave
 14311 | IceCv    | Reached skill level 3 in Armour
 15374 | IceCv    | Reached skill level 1 in Shields
 15387 | IceCv    | Reached **** piety under Zin
 15401 | IceCv    | Got the Enchiridion on Congelation
 15486 | Lair:2   | Noticed a death yak
 15507 | Lair:2   | Killed a death yak
 15508 | Lair:2   | Reached skill level 2 in Shields
 15733 | Lair:2   | Found a staircase to the Swamp.
 15734 | Lair:2   | Noticed a death yak
 15734 | Lair:2   | Noticed a death yak
 15741 | Lair:2   | Noticed a death yak
 15764 | Lair:2   | Killed a death yak
 15770 | Lair:2   | Killed a death yak
 15771 | Lair:2   | Reached skill level 3 in Shields
 15777 | Lair:2   | Killed a death yak
 15974 | Lair:2   | Reached skill level 6 in Armour
 15994 | Lair:2   | Reached skill level 4 in Shields
 16168 | Lair:2   | Noticed a seven-headed hydra
 16178 | Lair:2   | Killed a six-headed hydra
 16179 | Lair:2   | Reached skill level 5 in Shields
 16179 | Lair:2   | Reached XP level 13. HP: 25/96 MP: 11/22
 16314 | Lair:2   | Reached skill level 12 in Long Blades
 17165 | Lair:3   | Reached ***** piety under Zin
 17202 | Lair:3   | Noticed a six-headed hydra
 17219 | Lair:3   | Killed a four-headed hydra
 17398 | Lair:3   | Reached skill level 6 in Shields
 18554 | Lair:4   | Reached skill level 7 in Shields
 18690 | Lair:4   | Noticed Rupert
 18705 | Lair:4   | Killed Rupert
 18950 | Lair:4   | Noticed Josephine
 19375 | Lair:4   | Killed Josephine
 19382 | Lair:4   | Noticed a five-headed hydra
 19392 | Lair:4   | Killed a two-headed hydra
 19393 | Lair:4   | Reached skill level 8 in Shields
 19671 | Lair:4   | Noticed a dire elephant
 19683 | Lair:4   | Killed a dire elephant
 20039 | Lair:4   | Reached XP level 14. HP: 101/105 MP: 17/23
 20061 | Lair:4   | Reached skill level 9 in Shields
 20337 | Lair:5   | Entered Level 5 of the Lair of Beasts
 20954 | Lair:5   | Reached skill level 10 in Shields
 21043 | Lair:5   | Noticed a dire elephant
 21154 | Lair:5   | Killed a dire elephant
 21385 | Lair:5   | Found a viscous altar of Jiyva.
 21386 | Lair:5   | Found a staircase to the Slime Pits.
 22224 | Lair:5   | Identified the +7 trident of the Intense God {flame,
                  | Will+++ rCorr Dex-3 Stlth+}
 22224 | Lair:5   | Noticed Nessos
 22237 | Lair:5   | Was placed under penance by Zin
 22239 | Lair:5   | Killed Nessos
 22241 | Lair:5   | Was forgiven by Zin
 22254 | Lair:5   | Learned a level 5 spell: Metabolic Englaciation
 22452 | Lair:5   | Reached skill level 12 in Ice Magic
 22454 | Lair:5   | Identified the +1 hand axe "Beastbane" {freeze, Will+}
 23458 | Orc:1    | Entered Level 1 of the Orcish Mines
 23713 | Orc:1    | Reached skill level 11 in Shields
 23841 | Orc:2    | Entered Level 2 of the Orcish Mines
 23951 | Orc:1    | Found a dark tunnel.
 23969 | Volcano  | Entered a volcano
 23991 | Volcano  | Reached XP level 15. HP: 102/112 MP: 11/24
 24380 | Orc:2    | Found a staircase to the Elven Halls.
 25102 | Orc:2    | Found Zuexoib's Magic Scroll Shop.
 25105 | Orc:2    | Found Zegiemn's Magic Scroll Boutique.
 25191 | Orc:2    | Reached skill level 3 in Hexes
 25823 | Orc:2    | Reached skill level 3 in Ranged Weapons
 26141 | Orc:2    | Reached skill level 9 in Fighting
 26164 | Orc:2    | Found Edyfia's Antique Armour Shoppe.
 26164 | Orc:2    | Found Pasuh's Book Emporium.
 26165 | Orc:2    | Found a one-way gate leading to the halls of Pandemonium.
 26283 | Orc:2    | Bought a glowing cloak for 225 gold pieces
 26294 | Orc:2    | Bought a fading leather armour for 210 gold pieces
 26294 | Orc:2    | Identified the +1 leather armour of Pyumapud {rF+ Str+3
                  | Int+3 Dex+3} (You bought it in a shop on level 2 of the
                  | Orcish Mines)
 26331 | Orc:2    | Bought a There-And-Back Book for 420 gold pieces
 26360 | Orc:2    | Bought a scroll of identify for 26 gold pieces
 26360 | Orc:2    | Bought 2 scrolls of identify for 52 gold pieces
 26360 | Orc:2    | Bought a scroll of identify for 26 gold pieces
 26366 | Orc:2    | Bought a scroll of identify for 26 gold pieces
 26366 | Orc:2    | Bought a scroll of identify for 26 gold pieces
 26366 | Orc:2    | Bought a scroll of identify for 26 gold pieces
 26371 | Orc:2    | Bought a scroll of magic mapping for 97 gold pieces
 26371 | Orc:2    | Bought a scroll of enchant weapon for 97 gold pieces
 26371 | Orc:2    | Bought a scroll of poison for 52 gold pieces
 26528 | Orc:1    | Reached ****** piety under Zin
 26751 | D:10     | Killed Seidenschwarz's ghost
 26768 | D:10     | Reached skill level 12 in Shields
 26846 | D:11     | Noticed Amaemon
 27114 | D:10     | Killed Amaemon
 27285 | D:10     | Found a radiant altar of Vehumet.
 27446 | D:10     | Reached skill level 6 in Dodging
 27542 | D:10     | Found a glowing golden altar of the Shining One.
 27886 | D:11     | Noticed Nergalle
 27895 | D:11     | Killed Nergalle
 28573 | D:11     | Reached skill level 9 in Armour
 28578 | D:11     | Reached skill level 6 in Hexes
 29105 | D:12     | Reached XP level 16. HP: 120/120 MP: 25/25
 30165 | D:13     | Found a runed translucent door.
 30169 | D:13     | Noticed a storm dragon
 30669 | D:13     | Noticed Maurice
 30675 | D:13     | Killed Maurice
 30729 | D:13     | Reached skill level 6 in Ranged Weapons
 30878 | D:13     | Noticed Jorgrun
 30895 | D:13     | Killed Jorgrun
 31119 | D:13     | Found a portal to a secret trove of treasure.
 31145 | Trove    | Entered a treasure trove
 31149 | Trove    | Identified the ring "Pahumath" {Fly rF+ MP+9 Dex+5}
 31153 | Trove    | Identified the ring "Ydoydiem" {rC+ MP+9}
 31159 | Trove    | Identified the amulet of Curiosity {Regen+ Int+2}
 31161 | Trove    | Identified the amulet of Kaug {Faith rC++ Will- Regen+
                  | Str+2}
 31165 | Trove    | Identified the ring "Luneto Ter" {Wiz rPois}
 31167 | Trove    | Identified the ring "Awneohi" {rPois MP+9}
 31171 | Trove    | Identified the ring of Piniedy {rElec rC+}
 31275 | Trove    | Identified the ring of Pride {rElec rC+ Dex+6}
 31287 | D:13     | Donated 361 gold pieces to Zin
 31601 | D:14     | Found Ziatoluz's Jewellery Shop.
 31981 | D:14     | Reached skill level 3 in Evocations
 32080 | D:14     | Found a gate to the Vaults.
 32414 | D:15     | Entered Level 15 of the Dungeon
 32648 | D:15     | Learned a level 5 spell: Freezing Cloud
 32775 | D:15     | Found a staircase to the Depths.
 32841 | D:15     | Found a glowing silver altar of Zin.
 32842 | D:15     | Found a white marble altar of Elyvilon.
 32843 | D:15     | Found a glowing golden altar of the Shining One.
 32935 | D:15     | Reached skill level 9 in Invocations
 32954 | D:15     | Found Cavuxaf's Armour Boutique.
 33521 | D:3      | Killed HobsGoblin's ghost
 33529 | D:3      | Killed Cressida's ghost
 33534 | D:3      | Killed howech's ghost
 33690 | D:8      | Killed Demosthentine's ghost
 33785 | Snake:1  | Entered Level 1 of the Snake Pit
 33793 | Snake:1  | Noticed Louise
 33808 | Snake:1  | Reached XP level 17. HP: 121/129 MP: 26/26
 33846 | Snake:1  | Noticed Aizul
 33867 | Snake:1  | Killed Aizul
 34428 | Snake:2  | Found Jamn's Firing Range.
 34485 | Snake:2  | Reached skill level 3 in Conjurations
 34908 | Snake:2  | Reached skill level 3 in Air Magic
 34984 | Snake:2  | Noticed Vashnia
 35020 | Snake:2  | Killed Vashnia
 35229 | Snake:2  | Reached skill level 9 in Ranged Weapons
 36584 | Snake:4  | Entered Level 4 of the Snake Pit
 36660 | Snake:4  | Found the +2 Maxwell's thermic engine {flame, freeze, rev}
 36661 | Snake:4  | Noticed Smee's ghost (adept MiFi)
 36666 | Snake:4  | Found a transporter.
 36822 | Snake:4  | Found a transporter.
 36966 | Snake:4  | Noticed Mlioglotl
 37004 | Snake:4  | Killed Mlioglotl
 37343 | Snake:4  | Reached XP level 18. HP: 138/138 MP: 18/27
 37450 | Snake:4  | Noticed Nikola
 37462 | Snake:4  | Killed Nikola
 37606 | Snake:4  | Reached skill level 13 in Shields
 37964 | Snake:4  | Reached skill level 12 in Invocations
 37978 | Snake:4  | Got a serpentine rune of Zot
 38814 | Snake:4  | Identified the +0 cloak "Fegeit" {Drain Dex+2 Slay+4}
 38897 | Snake:4  | Killed Smee's ghost
 39061 | Snake:2  | Reached skill level 14 in Shields
 39189 | Snake:1  | Found Wuby's Armour Emporium.
 39316 | Snake:1  | Killed Louise
 39317 | Snake:1  | Reached skill level 12 in Fighting
 39329 | Snake:1  | Found a burning altar of Makhleb.
 39442 | Snake:1  | Bought the +1 troll leather armour of the Five Spirits
                  | {-Tele rC+ Regen+ Int+5} for 525 gold pieces
 39666 | Swamp:1  | Entered Level 1 of the Swamp
 39758 | Swamp:1  | HP: 6/140 [eight-headed hydra (11)]
 40476 | Swamp:1  | Reached skill level 15 in Shields
 40639 | Swamp:2  | You are sucked into a shaft and drop 1 floor!
 40639 | Swamp:3  | Noticed Bai Suzhen
 40666 | Swamp:3  | HP: 4/140 [Bai Suzhen (19)]
 40667 | Swamp:3  | Killed from afar by Bai Suzhen

Illustrated notes

Levels and vault maps discovered:
D:1:      heliophobic_arrival_dark_side_of_the_moon, layout_rooms,
          minmay_misc_feat_plants, minmay_misc_feat_hallway
D:2:      minmay_thinvault, layout_rooms
D:3:      layout_rooms, gammafunk_ghost_cemetery,
          hellmonk_ecumenical_altar_prayer_group, serial_forest,
          infiniplex_forest_join, infiniplex_forest_straight_2,
          infiniplex_forest_straight_3, infiniplex_forest_clump_medium,
          infiniplex_forest_clump_medium, infiniplex_forest_straight_3,
          hangedman_decor_diamond_cutter
D:4:      layout_loops_corners, marbit_many_paths
D:5:      layout_loops_ring, tgw_sif, abandoned_shop
D:6:      layout_basic, uniq_blork_the_orc
D:7:      layout_loops_ring, nicolae_overflow_hidden_temple, tgw_fedhas,
          temple_fountains, serial_shops, shop, grunt_potential
D:8:      layout_rooms, lair_entry_dummy, gammafunk_ghost_arena, uniq_erica
D:9:      layout_loops_ring, nicolae_dithmenos_shadow_blocks, hiddenorc2_lemuel,
          chequers_arboretum, hex_tiny
D:10:     hellmonk_paralyzer, layout_gridville, mainiacjoe_overflow_alcove_1,
          chequers_temple_overflow_statue_of_worship,
          mainiacjoe_overflow_small_starburst, gammafunk_ghost_nasty_kobolds,
          minmay_ruined_shrine
D:11:     layout_cave_pools, nrook_mini_vaults, serial_bayou_pond_d,
          minmay_beelzebubs_servants, uniq_amaemon, uniq_nergalle
D:12:     layout_basic
D:13:     layout_loops_corners, enter_trove_6, minivault_14, wad_hexagon,
          uniq_jorgrun, uniq_maurice
D:14:     layout_irregular_city, grunt_vaults_entry_fortified,
          palyth_stone_intersect, serial_shops, nicolae_shop_trees
D:15:     hangedman_depths_entry_try_elsewhere_first, layout_basic,
          serial_shops, nicolae_lakefront_shop, good_gods_mini_temple
Temple:   nicolae_temple_figure_eight
Lair:1:   layout_regular_city, beast_lair_carwin_5, serial_bayou_shore_a,
          lemuel_fruit_fields
Lair:2:   layout_chaotic_city, swamp_mist, guppyfry_snake_entry_island,
          portal_ice_cave_demonic_guard, pond, infiniplex_staircase_pool
Lair:3:   layout_roguey
Lair:4:   beast_lair_carwin_large_1, layout_regular_city, grunt_megastairs_2,
          lemuel_fruit_fields, uniq_josephine, uniq_rupert
Lair:5:   gammafunk_lair_ancient_temple, layout_regular_city, slime_entry_1,
          kilobyte_rumbling_trees, lemuel_fruit_tree, uniq_nessos
Swamp:1:  layout_basic_swamp, evilmike_swamp_ruin_house_2, swamp_pool4,
          cheibrodos_swamp_witchery
Swamp:2:  layout_falls_marsh, evilmike_swamp_ruin_house_5, swamp_pool4
Swamp:3:  layout_falls_marsh, evilmike_swamp_ruin_house_3, uniq_mara,
          uniq_bai_suzhen
Snake:1:  layout_onion_interference, basic_altar, serial_shops,
          nicolae_shop_statue_plus, serial_bayou_pond_d,
          nicolae_triple_integral, uniq_aizul, uniq_louise
Snake:2:  layout_layer_cave, st_stairs_8, nicolae_shop_firing_range,
          grunt_megastairs_5, uniq_vashnia
Snake:3:  layout_cave_town, nicolae_snake_slithery_hallway
Snake:4:  snake_pit_salamanders_mu, layout_chambers, gammafunk_ghost_arena,
          st_stairs_5, uniq_mlioglotl, uniq_nikola
Orc:1:    layout_diamond_mine, enter_volcano_2
Orc:2:    pf_orc_diabolical, layout_diamond_mine

Skill      XL: |  1  2  3  4  5  6  7  8  9 10 11 12 13 14 15 16 17 18 |
---------------+-------------------------------------------------------+-----
Dodging        | 2 3 4 6 |  6.0
Stealth        | 3 5 6 |  6.0
Fighting       | 1 2 4 5 7 8 9 10 11 12 | 12.0
Spellcasting   | 3 4 6 |  6.0
Ice Magic      | 5 6 8 10 12 | 12.0
Summonings     | 2 3 4 5 |  5.0
Invocations    | 3 8 9 11 12 | 12.0
Long Blades    | 5 10 11 13 14 | 14.2
Armour         | 1 6 7 9 10 | 10.0
Shields        | 5 8 11 12 15 | 15.2
Hexes          | 2 6 |  6.0
Ranged Weapons | 1 5 8 9 11 | 11.8
Evocations     | 5 |  5.0
Conjurations   | 2 5 |  5.0
Air Magic      | 2 4 |  4.0

Action                     |  1- 3 |  4- 6 |  7- 9 | 10-12 | 13-15 | 16-18 || total
---------------------------+-------+-------+-------+-------+-------+-------++-------
  Melee: Unarmed           |    22 |       |       |       |       |       ||    22
         Punch             |     1 |     1 |     2 |    11 |     2 |       ||    17
         Short sword       |     2 |    30 |       |       |       |       ||    32
         Whip              |     2 |       |       |       |       |       ||     2
         Falchion          |       |    48 |     2 |       |       |       ||    50
         Spear             |       |       |   205 |    44 |       |       ||   249
         Scimitar          |       |       |       |   344 |   793 |   565 ||  1702
         Double sword      |       |       |       |       |       |   143 ||   143
   Fire: Longbow           |       |       |       |       |   210 |   377 ||   587
  Throw: Dart              |       |       |       |     5 |    11 |     6 ||    22
         Boomerang         |       |       |       |       |     1 |       ||     1
   Cast: Freeze            |    57 |    49 |     3 |     1 |       |       ||   110
         Frozen Ramparts   |       |     7 |    37 |    40 |    77 |    44 ||   205
         Ozocubu's Armour  |       |     1 |    26 |    40 |    65 |    39 ||   171
         Summon Ice Beast  |       |       |     4 |    37 |    50 |    26 ||   117
         Metabolic Englaci |       |       |       |       |     2 |       ||     2
         Freezing Cloud    |       |       |       |       |       |    23 ||    23
 Invoke: Recite            |       |       |     1 |    14 |    11 |    14 ||    40
         Vitalisation      |       |       |       |     2 |     5 |     8 ||    15
         Imprison          |       |       |       |       |       |     2 ||     2
         Donate Gold       |       |       |       |       |       |     1 ||     1
Ability: Dig               |       |       |       |     3 |     4 |     7 ||    14
  Evoke: Wand              |       |       |     3 |    16 |     9 |     4 ||    32
         Condenser vane    |       |       |       |       |       |     1 ||     1
    Use: Scroll            |       |     3 |     1 |     9 |    13 |    13 ||    39
         Potion            |       |       |       |       |     4 |    12 ||    16
   Stab: Sleeping          |     1 |    10 |     4 |     7 |    10 |     7 ||    39
         Distracted        |       |       |     1 |     4 |     3 |     3 ||    11
         Confused          |       |       |       |     1 |     2 |     1 ||     4
         Betrayed ally     |       |       |       |       |     1 |       ||     1
 Armour: Robe              |    12 |    15 |    69 |    71 |     4 |       ||   171
         Scale mail        |       |       |       |    68 |   254 |       ||   322
         Leather armour    |       |       |       |       |    56 |   121 ||   177
         Troll leather arm |       |       |       |       |       |    62 ||    62
  Dodge: Dodged            |    47 |    77 |   160 |   263 |   291 |   331 ||  1169
  Block: Other             |       |       |       |     5 |       |       ||     5
         Kite shield       |       |       |       |       |   574 |    61 ||   635
         Tower shield      |       |       |       |       |       |   831 ||   831
